Map: Dusk Towers

Players

SCIICASTSVN

  • Race: Terran Terran
  • League: Master

ThanhQuang - Winner!

  • Race: Protoss Protoss

VOD

Have the link to the VOD?

Description

Time

  • Played on: March 1, 2016, noon
  • Length: 9:10
Show
View Real Time Build Order
Export as new Build Order

SCIICASTSVN Terran 

Build Orders:  

Get SALT Encoding   

  12  0:01  SCV  
  13  0:13  SCV  
  14  0:18  Supply Depot  
  14  0:25  SCV  
  15  0:32  Refinery  
  15  0:39  SCV  
  16  0:44  Barracks  
  16  0:55  SCV  
  17  1:07  SCV  
  18  1:19  SCV  
  19  1:38  Orbital Command  
  19  1:40  Command Center  
  19  1:43  Marine  
  20  1:54  Factory  
  20  2:01  Marine  
  20  2:06  Supply Depot  
  21  2:19  Marine  
  22  2:30  Supply Depot  
  22  2:37  Marine  
  22  2:41  Widow Mine  
  22  2:43  SCV  
  22  2:44  Starport  
  26  2:51  Orbital Command  
  26  2:58  Marine  
  27  3:01  SCV  
  28  3:09  Widow Mine  
  30  3:15  Marine  
  31  3:22  Medivac  
  31  3:24  SCV x2  
  35  3:33  Marine  
  36  3:40  Command Center  
  36  3:43  SCV x2  
  36  3:46  Refinery  
  38  3:52  Starport Reactor  
  39  3:55  SCV  
  39  3:59  Widow Mine  
  39  4:01  SCV  
  42  4:03  Barracks Reactor  
  42  4:04  Refinery  
  42  4:07  SCV, Refinery  
  43  4:13  SCV  
  44  4:19  SCV  
  45  4:25  SCV  
  46  4:32  Starport, SCV  
  46  4:37  SCV  
  48  4:40  Supply Depot  
  48  4:44  SCV  
  47  4:47  Starport  
  47  4:50  SCV  
  45  4:56  SCV  
  46  5:02  Orbital Command  
  46  5:08  Viking  
  46  5:09  Viking  
  46  5:12  Starport Tech Lab  
  50  5:15  SCV, Command Center  
  50  5:19  SCV  
  52  5:25  Starport Tech Lab  
  52  5:26  Starport  
  52  5:27  SCV  
  53  5:34  Banshee  
  50  5:41  Supply Depot  
  47  5:47  SCV x2  
  49  5:50  Orbital Command  
  47  6:00  SCV  
  47  6:01  SCV  
  48  6:11  Viking  
  48  6:15  SCV  
  48  6:20  SCV x2  
  47  6:30  SCV  
  47  6:32  SCV  
  49  6:38  SCV  
  45  6:49  SCV  
  46  6:57  SCV x2  
  46  7:08  SCV x2  
  44  7:09  SCV x2, Banshee  
  46  7:20  SCV x2, Starport Tech Lab  
  46  7:21  SCV  
  46  7:22  SCV  
  50  7:32  SCV  
  50  7:33  SCV, Refinery  
  50  7:37  Orbital Command  
  51  7:40  SCV  
  52  7:44  SCV  
  52  7:46  SCV  
  54  7:52  SCV  
  54  7:53  Armory  
  54  7:56  Refinery  
  55  8:01  Banshee  
  53  8:17  Viking x2  
  53  8:18  Viking  
  55  8:24  SCV  
  55  8:25  SCV  
  55  8:27  Orbital Command  
  38  8:50  Marine x2  
Show
View Real Time Build Order
Export as new Build Order

ThanhQuang Protoss - Winner!

Build Orders: 1 Gate Expand 

Get SALT Encoding   

  12  0:01  Probe (Chrono Boost)  
  13  0:12  Probe (Chrono Boost)  
  14  0:21  Pylon  
  14  0:23  Probe (Chrono Boost)  
  15  0:40  Probe (Chrono Boost)  
  16  0:43  Gateway  
  16  0:50  Probe (Chrono Boost)  
  17  1:12  Nexus  
  17  1:18  Assimilator  
  17  1:21  Assimilator  
  17  1:23  Probe (Chrono Boost)  
  18  1:33  Cybernetics Core  
  18  1:36  Probe (Chrono Boost)  
  19  1:47  Probe (Chrono Boost)  
  19  1:48  Pylon  
  20  1:57  Probe (Chrono Boost)  
  21  2:03  Pylon  
  21  2:08  Probe (Chrono Boost)  
  22  2:12  Adept (Chrono Boost)  
  25  2:24  Warp Gate (Chrono Boost)  
  25  2:25  Probe  
  25  2:35  Probe  
  28  2:37  Adept (Chrono Boost)  
  28  2:46  Forge, Probe x2  
  30  2:55  Gateway  
  30  2:56  Probe  
  31  3:07  Probe  
  31  3:08  Gateway  
  31  3:13  Protoss Ground Weapons Level 1 (Chrono Boost)  
  31  3:17  Robotics Facility  
  31  3:26  Probe  
  30  3:28  Probe  
  31  3:38  Mothership Core  
  31  3:40  Probe  
  34  3:51  Gateway  
  34  3:52  Probe  
  35  3:56  Gateway  
  35  3:59  Probe  
  36  4:04  Probe  
  36  4:08  Warp Prism (Chrono Boost)  
  39  4:11  Probe  
  39  4:16  Probe  
  41  4:19  Pylon  
  41  4:23  Probe  
  42  4:28  Probe  
  42  4:30  Adept  
  45  4:31  Adept  
  45  4:32  Adept  
  49  4:51  Adept  
  47  4:58  Probe  
  48  5:03  Probe  
  49  5:11  Probe  
  50  5:14  Twilight Council  
  50  5:15  Probe  
  51  5:24  Adept x4  
  51  5:25  Adept  
  61  5:37  Pylon  
  61  5:38  Pylon  
  59  5:47  Adept  
  61  5:54  Probe  
  61  5:56  Probe  
  59  5:57  Pylon  
  59  5:58  Pylon  
  59  5:59  Adept x2  
  59  6:00  Adept x2  
  63  6:17  Observer (Chrono Boost)  
  63  6:20  Probe  
  64  6:27  Adept x2  
  64  6:28  Adept x2  
  68  6:33  Probe  
  69  6:46  Pylon  
  63  6:47  Adept  
  63  6:57  Probe  
  62  7:01  Blink (Chrono Boost)  
  62  7:04  Probe  
  63  7:09  Probe  
  63  7:11  Stalker x4  
  72  7:21  Nexus  
  70  7:22  Pylon  
  70  7:23  Pylon, Assimilator  
  70  7:25  Pylon  
  70  7:27  Assimilator  
  70  7:36  Photon Cannon  
  70  7:44  Stalker x3  
  72  7:49  Zealot x2  
  76  8:10  Stalker x3  
  70  8:56  Stalker x4  
  70  8:57  Stalker  
  76  9:09  Gateway  
Tags
 
Add a new tag
Caveats
  • Supply blocks, unpowered buildings, or Contaminate may cause inaccurate times.
  • Supply counts are checked every 10 seconds.